 Dungeon Crawl Stone Soup version 0.30.1-9-gdf580d7c3d (webtiles) character file.

Game seed: 17137628717112710519

31 Nonny the Sneak (level 3, 0/19 HPs)
             Began as a Tengu Earth Elementalist on Oct 2, 2023.
             Slain by Robin
             ... wielding a +0 short sword
              (1 damage)
             ... on level 1 of the Dungeon.
             The game lasted 00:06:57 (1325 turns).

Nonny the Sneak (Tengu Earth Elementalist)          Turns: 1325, Time: 00:06:57

Health: 0/19       AC:  2    Str:  8    XL:     3   Next: 22%
Magic:  8/8        EV: 12    Int: 17    God:
Gold:   68         SH:  0    Dex: 14    Spells: 6/7 levels left

rFire   . . .        i - +0 short sword
rCold   . . .        (no shield)
rNeg    . . .        a - +0 robe
rPois   .            (helmet restricted)
rElec   .            (no cloak)
rCorr   .            (no gloves)
SInv    +            (boots unavailable)
Will    .....        (no amulet)
Stlth   ++           c - ring of see invisible
HPRegen 0.23/turn    (no ring)
MPRegen 0.11/turn

%: no passive effects
@: no status effects
A: beak, talons 3
a: no special abilities


You were on level 1 of the Dungeon.
You visited 1 branch of the dungeon, and saw 2 of its levels.

You collected 68 gold pieces.

Inventory:

Hand Weapons
 i - a +0 short sword (weapon)
Missiles
 l - 7 stones
Armour
 a - a +0 robe (worn)
Jewellery
 c - a ring of see invisible (left hand)
Scrolls
 d - a scroll of amnesia {unknown}
 f - 2 scrolls of teleportation {unknown}
 g - a scroll of identify {unknown}
 h - a scroll of vulnerability {unknown}
 j - 2 scrolls of enchant armour {unknown}
 k - a scroll of noise {unknown}
Potions
 b - a potion of magic
 e - a potion of attraction


   Skills:
 - Level 2.1 Dodging
 * Level 3.0 Stealth
 + Level 2.7 Spellcasting
 - Level 0.7 Transmutations
 - Level 2.1 Earth Magic


You had 6 spell levels left.
You knew the following spells:

 Your Spells              Type           Power      Damage    Failure   Level
a - Sandblast             Erth           18%        2d7       8%          1

Your spell library contained the following spells:

 Spells                   Type           Power      Damage    Failure   Level
 Passwall                 Tmut/Erth      5%         N/A       16%         2
 Stone Arrow              Conj/Erth      12%        3d7       34%         3
 Petrify                  Tmut/Erth      7%         N/A       69%         4


Dungeon Overview and Level Annotations

Branches:
Dungeon (2/15)

Altars:

Annotations:
D:1 Robin


Innate Abilities, Weirdness & Mutations

You have a beak for a mouth.
You have claws for feet.


Message History

Robin hits you but does no damage.
Casting: Sandblast (safe; 8% risk of failure)
Confirm with . or Enter, or press ? or * to list all spells.
Aiming: Sandblast (safe; 8% risk of failure)
Press: ? - help, Shift-Dir - straight line, f/p - Robin
Aim: Robin, wielding a +0 short sword, wearing a +0 animal skin and wearing the +0 helmet of Noon {Str+4 Dex+2 Stlth+} (moderately wounded, 86% to hit)
The blast of sand hits Robin.
Robin is heavily wounded.
Robin hits you with a +0 short sword.
* * * LOW HITPOINT WARNING * * *
Robin hits you with a +0 short sword.
* * * LOW HITPOINT WARNING * * *
Casting: Sandblast (safe; 8% risk of failure)
Confirm with . or Enter, or press ? or * to list all spells.
You don't know that spell.
Unknown command.
Okay, then.
Robin attacks as you move away! Robin barely misses you.
There is an open door here.
Robin attacks as you move away! Robin hits you but does no damage.
Robin closely misses you. Robin attacks as you move away! Robin misses you.
Robin attacks as you move away! Robin hits you with a +0 short sword.
* * * LOW HITPOINT WARNING * * *
There is an escape hatch in the floor here.
You feel less attractive to monsters. Robin attacks as you move away!
Robin hits you with a +0 short sword.
* * * LOW HITPOINT WARNING * * *
There is an open door here.
Robin attacks as you move away! Robin barely misses you.
There is an open door here.
Robin attacks as you move away! Robin closely misses you.
Robin attacks as you move away! Robin closely misses you.
Robin attacks as you move away! Robin misses you.
Robin's bangles clink loudly.
Robin attacks as you move away! Robin closely misses you.
Robin attacks as you move away! Robin hits you with a +0 short sword.
* * * LOW HITPOINT WARNING * * *
Robin attacks as you move away! Robin hits you with a +0 short sword.
You die...

#≈#.#...# #................>##.
#~###..## ######...#...#######.
.......# ###)....'...'.......
######.# #......##...########
#.#######.#.##.####..)......
#......##.#.##.# ##########
#.####.##.#.##.# #.# #.#).#g##.#
#.# #...##@##.# #####.#
##..###.##.####
##...#.###>............##########
.'...'...........................
##...#.###..#######.##..########.
#####.# #....)..............# ##
######.###.########.#####.####♣♣♣
....................# #.# ♣♣..
≈≈≈≈...###.########## #.###♣..#


You could see Robin.

Vanquished Creatures
  A dart slug (D:1)
  A bat (D:1)
  3 endoplasms (D:1)
  11 goblins
  A hobgoblin (D:1)
  A quokka (D:1)
  A ball python (D:1)
  2 frilled lizards (D:1)
  A kobold (D:1)
  3 rats (D:1)
25 creatures vanquished.

Notes
Turn   | Place    | Note
-------+----------+-------------------------------------------
     0 | D:1      | Nonny the Tengu Earth Elementalist began the quest for the
                  | Orb.
     0 | D:1      | Reached XP level 1. HP: 10/10 MP: 4/4
    53 | D:1      | Starting vault: cramped fountains
   140 | D:1      | Some kind of vault or floor layout going on here.
   188 | D:1      | Found a faded altar of an unknown god.
   461 | D:1      | Reached XP level 2. HP: 15/15 MP: 4/6
  1029 | D:2      | Identified the +0 helmet of Noon {Str+4 Dex+2 Stlth+}
  1029 | D:2      | Noticed Robin
  1067 | D:1      | Reached XP level 3. HP: 3/19 MP: 1/7
  1129 | D:1      | Reached skill level 3 in Stealth
  1281 | D:1      | cyan potion - attraction
  1325 | D:1      | Slain by Robin

Illustrated notes ...)...>#.# .............### ..........8....# ##.# #......##...##.##....# ###.......##.##.....# .......#..#'#....### #...#.#..#'#..### #...#...##⌠##..# #.......'⌠@⌠'..# #.......##⌠##..# #.....#..#'#..## ###...#....#'#..## ..........##.##..# #..#..#..##.).##.# ## ###......8....##### ##............... #.#####...##..# Turn 53 on D:1: Starting vault: cramped fountains #. ##...# #.. #####.###....# #.. .............# #.. .#####......# ### #...###...# #####......#### #...#..###..# #......# ..# ##@##..# # #...#..# #88.#..# ######.# ... ... ### Turn 140 on D:1: Some kind of vault or floor layout going on here.

##..## ######...#...#######....
....# ###)....'...'.......#..
###.# #......##...#########..
#.#######.#.##.####..).........
#......##.#.##.# ###########..
#.####.##.#.##.# #.. #.#
#.#).#.##.# #.. #.# #...##.##.#
#.. ###.# ##..###.##@#### #..
..#.###>.........g..###########..
..'..............................
..#.###..#######.##..########..#.
###.# #....)..............# ##'##
###.###.########.#####.####♣♣♣.♣♣
.................# #.# ♣♣....♣
≈...###.########## #.###♣..##..
≈≈≈..##.# ###### #...#♣.####.


Turn 1281 on D:1: cyan potion - attraction

Levels and vault maps discovered:
D:1:      grunt_arrival_crossed_arrows, layout_basic,
          shapermc_ecumenical_altar_mp_vishouse, kennysheep_another_room,
          grunt_decor_junction, hangedman_decor_slide_cut, grunt_decor_cap,
          st_stairs_3
D:2:      layout_loops_ring, minmay_fractal_squares_5, uniq_robin

Skill      XL: |  1  2  3 |
---------------+----------+-----
Stealth        | 3 |  3.0
Dodging        | |  2.1
Spellcasting   | |  2.7
Transmutations | |  0.7
Earth Magic    | |  2.1

Action                     || total
---------------------------++-------
  Melee: Dagger            ||     2
         Peck              ||     2
         Short sword       ||    10
         Kick              ||     2
         Unarmed           ||     1
   Cast: Sandblast         ||    34
    Use: Potion            ||     1
   Stab: Sleeping          ||     1
 Armour: Robe              ||    17
  Dodge: Dodged            ||    50
